 Dungeon Crawl Stone Soup version 0.28.0-53-g5a82cb258f (webtiles) character file.

Game seed: 15011857407748084938

12126 safid the Geomancer (level 11, -5/72 HPs)
             Began as a Gargoyle Earth Elementalist on Sept 2, 2022.
             Was an Elder of Vehumet.
             Killed by divine providence
             ... invoked by Saint Roka
              (8 damage)
             ... on level 2 of the Orcish Mines on Sept 3, 2022.
             The game lasted 00:26:11 (15587 turns).

safid the Geomancer (Gargoyle Earth Elementalist)  Turns: 15587, Time: 00:26:11

Health: -5/72      AC: 17    Str: 18    XL:     11   Next: 88%
Magic:  2/25       EV: 11    Int: 29    God:    Vehumet [****..]
Gold:   2336       SH:  0    Dex:  6    Spells: 26/30 levels left

rFire   . . .      SeeInvis +   l - +9 morningstar of Beyond {drain, Int+3}
rCold   . . .      Faith    .   (no shield)
rNeg    + . .      Spirit   .   j - +2 robe {Archmagi}
rPois   ∞          Reflect  .   r - +0 helmet
rElec   +          Harm     .   (no cloak)
rCorr   +          Rampage  .   e - +0 pair of gloves
Will    .....      Archmagi +   A - +2 pair of boots
Stlth   +.........              (no amulet)
HPRegen 0.22/turn               m - ring "Coink" {rElec Str+6 Int+6 Dex-4 SInv}
MPRegen 0.19/turn               f - ring of resist corrosion

@: no status effects
A: sickness immunity, AC +8, negative energy resistance 1, electricity
resistance, torment resistance 1, petrification resistance
a: Renounce Religion


You were on level 2 of the Orcish Mines.
You worshipped Vehumet.
Vehumet was greatly pleased with you.
You visited 2 branches of the dungeon, and saw 12 of its levels.

You collected 2511 gold pieces.
You spent 175 gold pieces at shops.

Inventory:

Hand Weapons
 g - the +5 hunting sling of Umeby {vorpal, rF+ Dex+2}
   (You found it on level 3 of the Dungeon)

   Any ammunition fired from it inflicts extra damage upon your enemies.
   Dex:       It affects your dexterity (+2).
   rF:        It protects you from fire.
 l - the +9 morningstar of Beyond (weapon) {drain, Int+3}
   (You found it on level 8 of the Dungeon)

   A truly terrible weapon, it drains the life of any living foe it strikes.
   Int:       It affects your intelligence (+3).
 B - the +8 spear "Qaibleam" {holy, Dex+3}
   (You found it on level 10 of the Dungeon)

   It has been blessed by the Shining One to cause great damage to the undead
   and demons.
   Dex:       It affects your dexterity (+3).
Missiles
 c - 201 stones
 E - a throwing net
Armour
 e - a +0 pair of gloves (worn)
 j - a +2 robe of the Archmagi (worn)
 r - a +0 helmet (worn)
 A - a +2 pair of boots (worn)
Jewellery
 f - a ring of resist corrosion (right hand)
 m - the ring "Coink" (left hand) {rElec Str+6 Int+6 Dex-4 SInv}
   (You found it on level 3 of the Dungeon)

   [ring of strength]

   Str:       It affects your strength (+6).
   Int:       It affects your intelligence (+6).
   Dex:       It affects your dexterity (-4).
   rElec:     It insulates you from electricity.
   SInv:      It lets you see invisible.
Wands
 n - a wand of iceblast (13)
 y - a wand of paralysis (2)
 C - a wand of mindburst (4)
Scrolls
 a - 2 scrolls of fog
 b - 2 scrolls of fear {unknown}
 d - 6 scrolls of teleportation
 h - 2 scrolls of amnesia
 i - 2 scrolls of summoning
 k - a scroll of magic mapping
 s - 2 scrolls of enchant weapon {unknown}
 w - a scroll of vulnerability {unknown}
 x - a scroll of noise {unknown}
 D - a scroll of brand weapon {unknown}
Potions
 o - a potion of ambrosia {unknown}
 p - 5 potions of curing
 q - a potion of haste {unknown}
 t - 2 potions of flight
 u - 2 potions of brilliance
 v - 2 potions of lignification
 z - 2 potions of might


   Skills:
 + Level 10.1 Fighting
 - Level 2.0 Dodging
 - Level 2.1 Stealth
 + Level 10.0 Spellcasting
 + Level 10.1 Conjurations
 - Level 1.0 Transmutations
 + Level 10.1 Earth Magic


You had 26 spell levels left.
You knew the following spells:

 Your Spells              Type           Power      Damage    Failure   Level
a - Sandblast             Erth           100%       2d20      1%          1
b - Stone Arrow           Conj/Erth      100%       3d13      1%          3

Your spell library contained the following spells:

 Spells                   Type           Power      Damage    Failure   Level
 Fulminant Prism          Conj/Hex       30%        3d16      1%          4
 Passwall                 Tmut/Erth      52%        N/A       1%          2
 Petrify                  Tmut/Erth      63%        N/A       3%          4
 Leda's Liquefaction      Hex/Erth       30%        N/A       4%          4
 Call Canine Familiar     Summ           21%        N/A       11%         3
 Portal Projectile        Hex/Tloc       42%        N/A       11%         3


Dungeon Overview and Level Annotations

Branches:
Dungeon (10/15)            Temple (0/1) D:5             Orc (2/2) D:9
   Lair: D:8-11         Elf: Orc:2

Altars:
Cheibriados
Dithmenos
Gozag
Kikubaaqudgha
Makhleb
Nemelex Xobeh
Sif Muna
Trog
Vehumet
Wu Jian
Zin
Beogh

Shops:
D:3 ?   D:5 *   D:8 (   Orc:1 :   Orc:2 (

Annotations:
D:3 3 runed translucent doors, turdburglar's ghost, amateur GrGl
Orc:2 Saint Roka


Innate Abilities, Weirdness & Mutations

You are immune to sickness and miasma.
Your stone body is resilient. (AC +8)
You are immune to poison.
You resist negative energy. (rN+)
You are resistant to electric shocks. (rElec)
You are resistant to unholy torment.
You are immune to petrification.


Message History

Saint Roka calls down the wrath of Beogh upon you.
Beogh smites you!
* * * LOW HITPOINT WARNING * * *
Okay, then.
Okay, then.
Casting: Stone Arrow (safe; 1% risk of failure)
Confirm with . or Enter, or press ? or * to list all spells.
Aiming: Stone Arrow (safe; 1% risk of failure)
Press: ? - help, Shift-Dir - straight line, f/p - Saint Roka
Aim: Saint Roka, wielding a +0 battleaxe and wearing a +0 chain mail (severely wounded, 84% to hit)
You feel a surge of power!
The stone arrow hits Saint Roka!!
Saint Roka is almost dead.
Saint Roka drinks a potion.
Saint Roka is healed!
The orc barely misses you.
Casting: Stone Arrow (safe; 1% risk of failure)
Confirm with . or Enter, or press ? or * to list all spells.
You don't have enough magic to cast this spell.
Unknown command.
Casting: Stone Arrow (safe; 1% risk of failure)
Confirm with . or Enter, or press ? or * to list all spells.
Aiming: Sandblast (safe; 1% risk of failure)
Press: ? - help, Shift-Dir - straight line, f/p - Saint Roka
Aim: Saint Roka, wielding a +0 battleaxe and wearing a +0 chain mail (severely wounded, 88% to hit)
You feel a surge of power!
The blast of sand hits Saint Roka but does no damage.
Saint Roka is severely wounded.
Saint Roka hits you but does no damage.
You feel better. The orc hits you but does no damage.
Saint Roka calls down the wrath of Beogh upon you.
Beogh smites you!
* * * LOW HITPOINT WARNING * * *
You feel better. The orc hits you but does no damage. x2
Saint Roka mumbles some strange prayers to Beogh against you.
Beogh smites you!
* * * LOW HITPOINT WARNING * * *
You hit Saint Roka but do no damage. You drain Saint Roka.
Saint Roka is severely wounded.
The orc hits you but does no damage.
Saint Roka mumbles some strange prayers to Beogh against you.
Beogh smites you!
You die...

#.)o...#.........#.
##))##.###.......#.#
#.T.#### ####.#.#..
##.##.## ######## .#
#.##...###......# #
...#...##.....[.##
)...........)_...##
#)..............o.##
#))...........$o@..#
).)...........[o#.##
#..............####
#............#.##
...#.......##...#
......##....##..##
......##....##...#
.......#.....#..##
................#


You could see Saint Roka (drained) and 2 orcs.

Vanquished Creatures
  A hydra (D:10)
  Harold (Orc:1)
  Nergalle (D:10)
  Pikel (D:7)
  An ugly thing (D:9)
  An orc sorcerer (Orc:1)
  A manticore (D:7)
  Joseph (D:10)
  Psyche (D:9)
  4 trolls
  A wraith (D:10)
  4 yaks (D:10)
  Menkaure (D:4)
  3 steam dragons
  2 sky beasts
  2 acid dragons
  4 ice beasts
  13 orc warriors
  2 black bears
  5 centaurs
  5 ogres
  A necrophage (D:4)
  2 bullfrogs
  2 kobold brigands
  A scorpion (D:5)
  2 gnoll sergeants
  5 killer bees
  11 wights
  4 howler monkeys
  2 electric eels (D:10)
  2 jellies
  3 centaur zombies
  9 orc priests
  A bullfrog skeleton (D:7)
  A centaur skeleton (D:7)
  4 hounds
  2 iguanas (D:7)
  Natasha (thrice) (D:3)
  14 orc wizards
  A killer bee zombie (D:8)
  Robin (D:4)
  A howler monkey skeleton (D:6)
  2 adders
  13 gnolls
  2 white imps
  2 ufetubi (D:4)
  An adder skeleton (D:4)
  A worm (D:3)
  3 dart slugs
  52 orcs
  7 ball pythons
  7 bats
  6 endoplasms
  2 giant cockroaches (D:4)
  13 goblins
  13 hobgoblins
  19 kobolds
  2 quokkas
  3 frilled lizards
  6 rats
281 creatures vanquished.

Vanquished Creatures (others)
  8 plants (D:10)
8 creatures vanquished.

Grand Total: 289 creatures vanquished

Notes
Turn   | Place    | Note
-------+----------+-------------------------------------------
     0 | D:1      | safid the Gargoyle Earth Elementalist began the quest for
                  | the Orb.
     0 | D:1      | Reached XP level 1. HP: 10/10 MP: 3/3
   226 | D:1      | Reached skill level 1 in Transmutations
   226 | D:1      | Reached XP level 2. HP: 5/16 MP: 0/5
  1220 | D:1      | Reached skill level 1 in Fighting
  1517 | D:2      | Reached XP level 3. HP: 16/20 MP: 6/6
  2215 | D:2      | Found a faded altar of an unknown god.
  3014 | D:3      | Found Rapueleo's Magic Scroll Emporium.
  3083 | D:3      | Identified the +5 hunting sling of Umeby {vorpal, rF+
                  | Dex+2}
  3101 | D:3      | Bought a scroll of fog for 22 gold pieces
  3101 | D:3      | Bought a scroll of amnesia for 38 gold pieces
  3101 | D:3      | Bought a scroll of teleportation for 33 gold pieces
  3101 | D:3      | Bought a scroll of identify for 22 gold pieces
  3134 | D:3      | Bought a scroll of immolation for 38 gold pieces
  3134 | D:3      | Bought a scroll of identify for 22 gold pieces
  3160 | D:3      | Identified the ring "Coink" {rElec Str+6 Int+6 Dex-4 SInv}
  3162 | D:3      | Noticed Natasha
  3171 | D:3      | Killed Natasha
  3172 | D:3      | Reached XP level 4. HP: 11/26 MP: 4/8
  3203 | D:3      | Noticed Natasha
  3205 | D:3      | Killed Natasha
  3313 | D:3      | Noticed Natasha
  3319 | D:3      | Killed Natasha
  3320 | D:3      | Reached XP level 5. HP: 27/31 MP: 5/9
  3620 | D:3      | Reached skill level 5 in Earth Magic
  3862 | D:3      | Found a runed translucent gate.
  3862 | D:3      | Noticed turdburglar's ghost (amateur GrGl)
  3863 | D:3      | Found a runed translucent gate.
  3864 | D:3      | Found a runed translucent gate.
  3864 | D:3      | Identified the +6 mace "Ypnautyi" {drain, rF+}
  3939 | D:3      | Found a radiant altar of Vehumet.
  4365 | D:4      | Learned a level 3 spell: Stone Arrow
  4418 | D:4      | Noticed a necrophage
  4422 | D:4      | Killed a necrophage
  4423 | D:4      | Reached skill level 1 in Conjurations
  4423 | D:4      | Reached XP level 6. HP: 37/37 MP: 7/11
  4468 | D:4      | Noticed Robin
  4492 | D:4      | Killed Robin
  4641 | D:4      | Noticed Menkaure
  4646 | D:4      | Killed Menkaure
  4746 | D:4      | Reached XP level 7. HP: 35/42 MP: 12/12
  5680 | D:5      | Entered Level 5 of the Dungeon
  5777 | D:5      | Found Zin's Purification Station.
  5780 | D:5      | Found a glowing silver altar of Zin.
  6023 | D:5      | Identified a scroll of acquirement
  6073 | D:3      | Became a worshipper of Vehumet
  6233 | D:5      | Found a staircase to the Ecumenical Temple.
  6576 | D:6      | Found a snail-covered altar of Cheibriados.
  6576 | D:6      | Found an ornate altar of the Wu Jian Council.
  7000 | D:6      | Reached XP level 8. HP: 48/48 MP: 1/14
  7127 | D:6      | Reached skill level 5 in Fighting
  7344 | D:6      | Reached skill level 5 in Spellcasting
  7533 | D:6      | Found a shadowy altar of Dithmenos.
  8310 | D:7      | Reached skill level 5 in Conjurations
  8311 | D:7      | Reached XP level 9. HP: 55/55 MP: 5/17
  8601 | D:7      | Reached * piety under Vehumet
  8601 | D:7      | Offered knowledge of Shock by Vehumet.
  8775 | D:7      | Noticed a troll
  8779 | D:7      | Killed a troll
  8780 | D:7      | Noticed a manticore
  9090 | D:7      | Acquired 1036 gold pieces
  9131 | D:7      | Found a shimmering blue altar of Sif Muna.
  9131 | D:7      | Found a burning altar of Makhleb.
  9295 | D:7      | Identified the +2 leather armour "Xysifadd" {Stlth+}
  9306 | D:7      | Noticed Pikel
  9321 | D:7      | Killed Pikel
  9369 | D:7      | Killed a manticore
  9370 | D:7      | Reached XP level 10. HP: 47/64 MP: 12/20
  9969 | D:8      | Identified the +9 morningstar of Beyond {drain, Int+3}
 10030 | D:8      | Found Hiheviv's Weapon Emporium.
 10256 | D:8      | Found an ancient bone altar of Kikubaaqudgha.
 10516 | D:8      | Reached ** piety under Vehumet
 10516 | D:8      | Offered knowledge of Freeze by Vehumet.
 10862 | D:9      | Noticed a brown ugly thing
 10867 | D:9      | Killed a brown ugly thing
 10868 | D:9      | Reached skill level 10 in Earth Magic
 11065 | D:9      | Identified the +8 long sword of Waretrum {antimagic, Dex+3}
 11474 | D:9      | Offered knowledge of Ignite Poison by Vehumet.
 11618 | D:9      | Found a bloodstained altar of Trog.
 11633 | D:9      | Found a staircase to the Orcish Mines.
 11768 | D:9      | Noticed Psyche
 11770 | D:9      | Killed Psyche
 11815 | D:10     | Entered Level 10 of the Dungeon
 11822 | D:10     | Noticed Nergalle
 11844 | D:10     | Killed Nergalle
 11845 | D:10     | Reached XP level 11. HP: 18/71 MP: 4/23
 12133 | D:10     | Noticed Joseph
 12138 | D:10     | Killed Joseph
 12768 | D:10     | Noticed a six-headed hydra
 12774 | D:10     | Killed a six-headed hydra
 12885 | D:10     | Identified the +8 spear "Qaibleam" {holy, Dex+3}
 12930 | D:10     | Reached skill level 10 in Fighting
 13036 | D:10     | Found an opulent altar of Gozag.
 13036 | D:10     | Found a sparkling altar of Nemelex Xobeh.
 13109 | D:10     | Reached *** piety under Vehumet
 13395 | Orc:1    | Entered Level 1 of the Orcish Mines
 13537 | Orc:1    | Noticed Harold
 13545 | Orc:1    | Killed Harold
 13575 | Orc:1    | Offered knowledge of Fulminant Prism by Vehumet.
 13585 | Orc:1    | Reached skill level 10 in Conjurations
 13999 | Orc:1    | Found Collutuv's Self-Improvement Boutique.
 14205 | Orc:2    | Entered Level 2 of the Orcish Mines
 14205 | Orc:2    | Found a radiant altar of Vehumet.
 14240 | Orc:2    | Noticed an orc sorcerer
 14255 | Orc:2    | Noticed a soul eater
 14265 | Orc:1    | Killed an orc sorcerer
 14677 | Orc:2    | Found Goumpaq's Weapon Boutique.
 14757 | Orc:2    | Reached skill level 10 in Spellcasting
 14873 | Orc:2    | Noticed Saint Roka
 14909 | Orc:2    | Reached **** piety under Vehumet
 15586 | Orc:2    | HP: 3/72 [Saint Roka/divine providence (13)]
 15587 | Orc:2    | Killed from afar by Saint Roka

Illustrated notes

Levels and vault maps discovered:
D:1:      minmay_arrival_doors, layout_basic
D:2:      layout_loops_corners, chequers_ecumenical_altar_twisty
D:3:      layout_rooms, general_overflow_altar, serial_shops, shop_coins,
          biasface_ghost_orc_armoury, uniq_natasha
D:4:      layout_loops_corners, uniq_menkaure, uniq_robin
D:5:      layout_loops_ring, zin_purify, temple_hall, serial_park_tiny_2
D:6:      layout_loops_corners, grunt_dithmenos_smoke_and_mirrors,
          gammafunk_temple_overflow_wave, minivault_5, minivault_1
D:7:      minmay_slanted_spiral_squares, layout_basic,
          gammafunk_temple_overflow_pools, corexii_leaking_fountain,
          minmay_stone_trees_medium, minmay_misc_feat_x, uniq_pikel
D:8:      layout_cave_pools, mainiacjoe_overflow_paths, serial_shops,
          nicolae_shop_stone
D:9:      layout_loops_ring, bloody_trog, orc_0_dummy, minivault_20, uniq_psyche
D:10:     layout_basic, grunt_temple_overflow_opulence, serial_bayou_ford_a,
          minmay_chambers_of_fives, uniq_joseph, uniq_nergalle
Orc:1:    layout_caves, nicolae_orc_lava_tube, nicolae_shop_self_help,
          uniq_harold
Orc:2:    st_orc_elflike, layout_caves, basic_altar, serial_shops,
          nicolae_shop_bloodbath_and_beyond, nicolae_orc_sculptors_studio,
          david_defended_altar_orc, uniq_saint_roka

Skill      XL: |  1  2  3  4  5  6  7  8  9 10 11 |
---------------+----------------------------------+-----
Transmutations | 1 |  1.0
Fighting       | 1 2 3 4 6 7 9 10 | 10.1
Earth Magic    | 4 5 6 7 9 10 | 10.1
Dodging        | 2 |  2.0
Spellcasting   | 3 4 5 6 8 10 | 10.0
Conjurations   | 1 2 3 5 6 8 10 | 10.1
Stealth        | |  2.1

Action                   |  1- 3 |  4- 6 |  7- 9 | 10-12 || total
-------------------------+-------+-------+-------+-------++-------
Melee: Unarmed           |    36 |       |       |       ||    36
       Whip              |    99 |       |       |       ||    99
       Punch             |     2 |     1 |     1 |     2 ||     6
       Short sword       |     3 |    79 |    18 |     1 ||   101
       Dagger            |       |    23 |    95 |       ||   118
       Morningstar       |       |       |       |    80 ||    80
 Cast: Sandblast         |    14 |    29 |    34 |    92 ||   169
       Stone Arrow       |       |       |    59 |   129 ||   188
  Use: Scroll            |       |     2 |     9 |     1 ||    12
       Potion            |       |       |     4 |     4 ||     8
 Stab: Sleeping          |     6 |     2 |       |       ||     8
Armor: Robe              |    63 |    36 |    62 |   122 ||   283
Dodge: Dodged            |   112 |    67 |    79 |   126 ||   384
